 Dungeon Sprint DCSS version 0.24-a0-619-gb7544fd (webtiles) character file.

Game seed: 6921578157898003667, levelgen mode: deterministic

567 schets the Fighter (level 7, 0/46 HPs)
             Began as a Gargoyle Berserker on Sept 17, 2019.
             Was a Priest of Trog.
             Slain by a neqoxec (5 damage)
             ... in the Dungeon (Sprint II: "The Violet Keep of Menkaure").
             The game lasted 00:00:41 (394 turns).

schets the Fighter (Gargoyle Berserker)              Turns: 394, Time: 00:00:42

Health: 0/46       AC:  7    Str: 22      XL:     7   Next: 33%
Magic:  7/7        EV: 14    Int:  3 (7)  God:    Trog [***...]
Gold:   243        SH:  0    Dex:  9 (10) Spells: 6/6 levels left

rFire    . . .     SeeInvis .   a - +0 mace
rCold    . . .     Gourm    .   (no shield)
rNeg     + . .     Faith    .   b - +0 animal skin
rPois    ∞         Spirit   .   (no helmet)
rElec    +         Reflect  .   (no cloak)
rCorr    .         Harm     .   (no gloves)
MR       .....     NoTele   +   (no boots)
Stlth    +.........             (no amulet)
HPRegen  0.15/turn              (no ring)
MPRegen  0.10/turn              (no ring)

@: berserk cooldown, slowed, very slow
A: frail 1, negative energy resistance 1, electricity resistance, unbreathing,
petrification resistance, rot immunity, AC +4
a: Berserk, Trog's Hand, Renounce Religion


You were in the Dungeon.
You worshipped Trog.
Trog was most pleased with you.
You were very hungry.

You visited 1 branch You collected 243 gold pieces.

Inventory:

Hand Weapons
 a - a +0 mace (weapon)
Armour
 b - a +0 animal skin (worn)
Scrolls
 i - a scroll of blinking
Potions
 d - a potion of curing
 e - a potion of heal wounds
 f - a potion of haste
 g - 2 potions of magic
 h - a potion of berserk rage
Comestibles
 c - a ration
 j - 3 chunks of flesh


   Skills:
 * Level 10.2 Fighting
 * Level 9.4 Maces & Flails
 + Level 7.0 Armour
 + Level 5.5 Dodging


You had 6 spell levels left.
You didn't know any spells.
Your spell library was empty.

Dungeon Overview and Level Annotations

Branches:
Dungeon (1/1)

Altars:


Innate Abilities, Weirdness & Mutations

You are resistant to torment.
Your stone body is resilient. (AC +4)
You are immune to poison.
You resist negative energy. (rN+)
You are resistant to electric shocks. (rElec)
You can survive without breathing.
You are immune to petrification.
You are immune to rotting.
You are frail. (-10% HP)


Message History

The quasit closely misses you. x2; The quasit completely misses you.
The neqoxec hits you! The neqoxec misses you. The crimson imp hits you.
You hit the neqoxec but do no damage.
The neqoxec is moderately wounded.
The quasit bites you but does no damage.
The quasit misses you.
The quasit claws you but does no damage.
The neqoxec gestures at you.
You feel dopey. Something feeds on your intellect!
The neqoxec closely misses you. The crimson imp misses you.
The quasit completely misses you. The quasit misses you.
The quasit closely misses you. The neqoxec hits you. The neqoxec hits you!
* * * LOW HITPOINT WARNING * * *
You hit the neqoxec but do no damage.
The neqoxec is moderately wounded.
The quasit bites you but does no damage.
The quasit claws you but does no damage. x2
The crimson imp misses you. The neqoxec hits you.
You die...

##+## ##.#.##
#..#..# #####.#
### # ##.#
#'###.## .#
#...##.##(#5#5.#
#†.<.'##@35.#
#...##.###53#....#
##.# #+#
#5##..÷... ## ##
...§. §≈≈.. §≈§§
§≈≈§


You could see 2 neqoxecs, a quasit, a crimson imp, a white imp and 2 ufetubi.

Vanquished Creatures
  A neqoxec (D)
  4 necrophages (D)
  4 worker ants (D)
9 creatures vanquished.

Vanquished Creatures (others)
  A crocodile (D)
1 creature vanquished.

Grand Total: 10 creatures vanquished

Notes
Turn   | Place    | Note
-------+----------+-------------------------------------------
     0 | D        | schets the Gargoyle Berserker began the quest for the Orb.
     0 | D        | Reached XP level 1. HP: 14/14 MP: 1/1
     1 | D        | Noticed a worker ant
     1 | D        | Noticed a worker ant
     4 | D        | Killed a worker ant
     4 | D        | Reached skill level 4 in Fighting
     4 | D        | Reached XP level 2. HP: 20/20 MP: 2/2
    11 | D        | Reached skill level 5 in Fighting
    11 | D        | Reached XP level 3. HP: 26/26 MP: 3/3
    25 | D        | Reached ** piety under Trog
    25 | D        | Reached skill level 5 in Maces & Flails
    25 | D        | Reached XP level 4. HP: 14/32 MP: 4/4
    60 | D        | Killed a crocodile
   252 | D        | Reached skill level 6 in Fighting
   264 | D        | Noticed a necrophage
   264 | D        | Noticed a necrophage
   264 | D        | Noticed a necrophage
   264 | D        | Noticed a necrophage
   271 | D        | Killed a necrophage
   271 | D        | Reached skill level 7 in Fighting
   271 | D        | Reached skill level 5 in Armour
   271 | D        | Reached XP level 5. HP: 39/39 MP: 5/5
   277 | D        | Killed a necrophage
   277 | D        | Reached skill level 8 in Fighting
   277 | D        | Reached XP level 6. HP: 45/45 MP: 6/6
   284 | D        | Killed a necrophage
   284 | D        | Reached *** piety under Trog
   284 | D        | Reached skill level 9 in Fighting
   292 | D        | Killed a necrophage
   292 | D        | Reached skill level 5 in Dodging
   292 | D        | Reached XP level 7. HP: 37/52 MP: 7/7
   375 | D        | Noticed a neqoxec
   377 | D        | Gained mutation: You are frail. (-10% HP) [a neqoxec]
   383 | D        | Killed a neqoxec
   383 | D        | Received a gift from Trog
   383 | D        | Reached skill level 10 in Fighting
   384 | D        | Noticed a neqoxec
   385 | D        | Noticed a neqoxec
   394 | D        | Slain by a neqoxec

Levels and vault maps discovered:
D:        the_violet_keep_of_menkaure [sprint2_stairs_cluster_1,
          sprint2_shoproom, sprint2_temple, sprint2_basic_supplies,
          sprint2_obstacle_4, sprint2_obstacle_3, sprint2_obstacle_5,
          sprint2_obstacle_6, sprint2_obstacle_1, sprint2_timed_cluster_1,
          sprint2_smallroom_cluster_1, sprint2_smallroom_final_cluster_1,
          sprint2_transparent_cluster_1, sprint2_second_timed_cluster_1,
          sprint2_sniper_area_1, sprint2_heavy_combat_area_1,
          sprint2_mutation_trap_area_1, sprint2_forest_area_1,
          sprint2_light_combat_area_1, sprint2_behind_water_1,
          sprint2_near_end_vault_1]

Skill      XL: |  1  2  3  4  5  6  7 |
---------------+----------------------+-----
Fighting       | 4 5 7 8 9 10 | 10.2
Maces & Flails | 4 5 7 8 9 |  9.4
Armour         | 3 4 5 6 7 |  7.0
Dodging        | 2 3 4 5 |  5.5

Action                   |  1- 3 |  4- 6 |  7- 9 || total
-------------------------+-------+-------+-------++-------
Melee: Mace              |    17 |    28 |    13 ||    58
Invok: Berserk           |     1 |     1 |     1 ||     3
Armor: Animal skin       |     1 |     8 |    17 ||    26
Dodge: Dodged            |    13 |    16 |    42 ||    71

Table legend:
 A = Non-vault XP
 B = Vault XP
 C = Vault XP percentage of total XP
 D = Non-vault monster count
 E = Vault monster count
 F = Vault count percentage of total count
                 A         B        C        D         E       F
            +---------+---------+-------+---------+---------+-------
      Total |       0 |     811 | 100.0 |       0 |       9 | 100.0
            +---------+---------+-------+---------+---------+-------
          D |       0 |     811 | 100.0 |       0 |       9 | 100.0
            +---------+---------+-------+---------+---------+-------
